 Dungeon Crawl Stone Soup version 0.30-a0-782-ge64f9170bb (webtiles) character file.

Game seed: 6316233268694326843

308949 Flugkiller the Devastator (level 20, -9/128 HPs)
             Began as a Deep Elf Chaos Knight on Mar 2, 2023.
             Was a Favourite Plaything of Xom.
             Mangled by a white very ugly thing (37 damage)
             ... while paralysed by a sphinx
             ... on level 2 of the Depths.
             The game lasted 01:31:58 (47199 turns).

Flugkiller the Devastator (Deep Elf Chaos Knight)  Turns: 47199, Time: 01:31:59

Health: -9/128     AC: 17    Str:  9    XL:     20   Next: 36%
Magic:  42/51      EV:  2    Int: 39    God:    Xom [..*...]
Gold:   3496       SH:  0    Dex: 17    Spells: 12/51 levels left

rFire   + + +      SeeInvis .    C - staff of conjuration
rCold   . . .      Faith    .    F - +2 buckler
rNeg    . . .      Spirit   .    j - +0 steam dragon scales
rPois   +          Reflect  .    H - +2 helmet {Int+3}
rElec   .          Harm     .    S - +2 cloak of Patterns {rF+ Stlth+}
rCorr   .          Rampage  .    V - +2 pair of gloves {Dex+3}
Will    ++...                    R - +2 pair of boots
Stlth   +++                      N - amulet of Divine Compulsion {rPois rF+++ Regen+ MP+9 Int-3}
HPRegen 1.21/turn                M - +6 ring of intelligence
MPRegen 0.32/turn                P - +6 ring of intelligence

@: paralysed, slightly contaminated, studying Dodging
A: talons 1, fire resistance 1, MP-powered wands, sturdy frame 1
}: 2/15 runes: decaying, gossamer
a: Renounce Religion


You were on level 2 of the Depths.
You worshipped Xom.
You were a toy of Xom.
You visited 7 branches of the dungeon, and saw 37 of its levels.

You collected 5114 gold pieces.
You spent 1618 gold pieces at shops.

Inventory:

Hand Weapons
 u - a +2 scimitar of flaming
   (You took it off an efreet on level 15 of the Dungeon)
Armour
 j - +0 steam dragon scales (worn)
   (You found it on level 9 of the Dungeon)
 F - a +2 buckler (worn)
   (You took it off a spriggan on level 4 of the Swamp)
 H - a +2 helmet of intelligence (worn)
   (You found it on level 2 of the Vaults)
 R - a +2 pair of boots (worn)
   (You found it on level 1 of the Dungeon)
 S - the +2 cloak of Patterns (worn) {rF+ Stlth+}
   (You bought it in a shop on level 8 of the Dungeon)

   rF:        It protects you from fire.
   Stlth:     It makes you more stealthy.
 V - a +2 pair of gloves of dexterity (worn)
   (You bought it in a shop on level 8 of the Dungeon)
Magical Staves
 C - a staff of conjuration (weapon)
   (You found it on level 3 of the Dungeon)
Jewellery
 f - a ring of protection from fire
   (You took it off a vault sentinel on level 4 of the Vaults)
 i - a ring of see invisible
   (You found it on level 7 of the Dungeon)
 p - a ring of protection from cold
   (You found it on level 1 of the Lair of Beasts)
 s - the ring of Wisdom {Will+ Str+4}
   (You found it on level 1 of the Spider Nest)

   [ring of willpower]

   Str:       It affects your strength (+4).
   Will:      It increases your willpower.
 M - a +6 ring of intelligence (left hand)
   (You found it on level 5 of the Dungeon)
 N - the amulet of Divine Compulsion (around neck) {rPois rF+++ Regen+ MP+9 Int-3}
   (You found it on level 1 of the Lair of Beasts)

   [amulet of regeneration]

   Int:       It affects your intelligence (-3).
   rF:        It renders you almost immune to fire.
   rPois:     It protects you from poison.
   MP:        It affects your magic capacity (+9).
   Regen:     It increases your rate of health regeneration.
 P - a +6 ring of intelligence (right hand)
   (You found it on level 6 of the Dungeon)
Wands
 b - a wand of iceblast (24)
   (You found it on level 9 of the Dungeon)
 e - a wand of mindburst (8)
   (You took it off a kobold on level 7 of the Dungeon)
 B - a wand of paralysis (14)
   (You found it on level 3 of the Dungeon)
 G - a wand of light (8)
   (You took it off Eustachio on level 4 of the Dungeon)
Scrolls
 a - 11 scrolls of vulnerability
 c - 7 scrolls of magic mapping
 k - 2 scrolls of butterflies
 m - 6 scrolls of fear
 o - 4 scrolls of fog
 r - 4 scrolls of enchant armour
 t - 13 scrolls of teleportation
 z - 3 scrolls of blinking
 A - 8 scrolls of poison
 L - 5 scrolls of immolation
Potions
 d - 10 potions of might
 g - 6 potions of brilliance
 h - 4 potions of haste
 n - 4 potions of resistance
 q - 18 potions of curing
 v - 7 potions of flight
 w - 10 potions of heal wounds
 x - 6 potions of ambrosia
 E - 3 potions of invisibility
 I - 2 potions of cancellation
 K - 5 potions of mutation
 W - 2 potions of lignification
Miscellaneous
 l - a phantom mirror
   (You found it on level 1 of the Lair of Beasts)
 D - a box of beasts
   (You found it on level 2 of the Vaults)
 Q - a phial of floods
   (You found it on level 14 of the Dungeon)
 Y - a tin of tremorstones (2/2)
   (You found it on level 4 of the Lair of Beasts)


   Skills:
 + Level 14.8 Fighting
 - Level 3.0 Short Blades
 - Level 0.7 Armour
 - Level 18.0 Dodging
 - Level 5.0 Shields
 - Level 16.0 Spellcasting
 - Level 18.0 Conjurations
 - Level 14.0 Summonings
 - Level 7.0 Necromancy
 - Level 10.0 Transmutations
 - Level 8.0 Ice Magic
 - Level 15.0 Earth Magic
 - Level 10.0 Evocations


You had 12 spell levels left.
You knew the following spells:

 Your Spells              Type           Power      Damage    Failure   Level
a - Freeze                Ice            100%       1d10      1%          1
b - Frozen Ramparts       Ice            100%       1d16      1%          3
c - Ozocubu's Armour      Ice            76%        N/A       1%          3
d - Hailstorm             Conj/Ice       100%       3d20      1%          3
e - Statue Form           Tmut/Erth      60%        N/A       1%          6
f - Iron Shot             Conj/Erth      63%        9d12      1%          6
g - Borgnjor's Vile Clut  Necr/Erth      43%        N/A       1%          5
h - Spellforged Servitor  Conj/Summ      62%        N/A       1%          7
i - Irradiate             Conj/Tmut      59%        3d31      1%          5

Your spell library contained the following spells:

 Spells                   Type           Power      Damage    Failure   Level
 Sandblast                Erth           100%       2d20      0%          1
 Summon Small Mammal      Summ           100%       N/A       0%          1
 Passwall                 Tmut/Erth      75%        N/A       0%          2
 Call Canine Familiar     Summ           96%        N/A       0%          3
 Beastly Appendage        Tmut           100%       N/A       1%          1
 Foxfire                  Conj/Fire      100%       2x1d9     1%          1
 Slow                     Hex            100%       N/A       1%          1
 Sting                    Tmut/Pois      100%       1d8       1%          1
 Ensorcelled Hibernation  Hex/Ice        100%       N/A       1%          2
 Poisonous Vapours        Pois/Air       62%        N/A       1%          2
 Scorch                   Fire           62%        2d8       1%          2
 Sublimation of Blood     Necr           72%        N/A       1%          2
 Wereblood                Tmut           83%        N/A       1%          2
 Ignite Poison            Fire/Tmut/Pois 54%        N/A       1%          3
 Spider Form              Tmut/Pois      63%        N/A       1%          3
 Summon Guardian Golem    Hex/Summ       72%        N/A       1%          3
 Vampiric Draining        Necr           72%        2d11      1%          3
 Animate Armour           Summ/Erth      100%       N/A       1%          4
 Animate Dead             Necr           72%        N/A       1%          4
 Flame Wave               Conj/Fire      100%       2d21      1%          4
 Ice Form                 Ice/Tmut       79%        N/A       1%          4
 Leda's Liquefaction      Hex/Erth       37%        N/A       1%          4
 Petrify                  Tmut/Erth      91%        N/A       1%          4
 Blade Hands              Tmut           41%        N/A       1%          5
 Fireball                 Conj/Fire      50%        3d20      1%          5
 Freezing Cloud           Conj/Ice/Air   49%        6-21      1%          5
 Summon Forest            Summ/Tloc      36%        N/A       1%          5
 Summon Cactus Giant      Summ           48%        N/A       1%          6
 Orb of Destruction       Conj           65%        9d15      1%          7
 Confusing Touch          Hex            31%        N/A       3%          3
 Gell's Gravitas          Tloc           31%        N/A       3%          3
 Inner Flame              Hex/Fire       31%        N/A       3%          3
 Kindle Blastsparks       Fire/Tloc/Air  62%        2d15      3%          3
 Portal Projectile        Hex/Tloc       62%        N/A       3%          3
 Swiftness                Air            31%        N/A       3%          3
 Teleport Other           Tloc           31%        N/A       3%          3
 Tukima's Dance           Hex            31%        N/A       3%          3
 Anguish                  Hex/Necr       27%        N/A       3%          4
 Summon Hydra             Summ           48%        N/A       3%          7
 Yara's Violent Unravell  Hex/Tmut       31%        3d13      4%          5
 Starburst                Conj/Fire      50%        6d14      4%          6
 Metabolic Englaciation   Hex/Ice        29%        N/A       7%          5
 Simulacrum               Ice/Necr       37%        N/A       9%          6
 Death Channel            Necr           36%        N/A       11%         6
 Cause Fear               Hex            15%        N/A       13%         4
 Olgreb's Toxic Radiance  Pois           31%        N/A       13%         4
 Passage of Golubria      Tloc           31%        N/A       13%         4
 Eringya's Noxious Bog    Tmut/Pois      31%        N/A       26%         6
 Dispersal                Tloc           15%        N/A       89%         6
 Discord                  Hex            15%        N/A       100%        8


Dungeon Overview and Level Annotations

Branches:
Dungeon (15/15) Zot: 23703  Temple (0/1) D:5            Lair (5/5) D:10 Zot: 23434
  Swamp (4/4) Lair:3 Zot: 18423  Spider (4/4) Lair:3 Zot: 17617   Slime (0/5) Lair:5
    Orc (2/2) D:12 Zot: 8899     Elf (0/3) Orc:2        Vaults (5/5) D:14 Zot: 21581
  Crypt (0/3) Vaults:3     Depths (2/4) D:15 Zot: 9895

Altars:
Ashenzari
Cheibriados
Dithmenos
Elyvilon
Kikubaaqudgha
Makhleb
Nemelex Xobeh
Qazlal
Uskayaw
Wu Jian
Xom
Yredelemnul
Jiyva
Lugonu

Shops:
D:4 *   D:8 [   D:14 :   Orc:2 (*[!   Vaults:1 (   Vaults:2 (   Vaults:3 :
Vaults:4 (!   Depths:1 ==:

Portals:
Hell: Depths:1

Annotations:
D:2 exclusion: door
D:3 2 transporters, 1 runed translucent door, Crazy Yiuf; adozu's ghost, novice OpTm
D:6 3 runed translucent doors, Tenz's ghost, novice TrTm
D:9 2 transporters
Lair:2 exclusion: oklob plant
Lair:4 exclusion: oklob plant


Innate Abilities, Weirdness & Mutations

You have sharp toenails.
Your flesh is heat resistant. (rF+)
You expend magic power (3 MP) to strengthen your wands.
Your movements are slightly less encumbered by armour. (ER -2)


Message History

The deep troll is blasted with magical radiation!!!
The deep troll is almost dead.
The necromancer is blasted with magical radiation!!!
You kill the necromancer!
The deep troll is blasted with magical radiation!!!!
You kill the deep troll!
You are very lightly contaminated with residual magic.
You block the deep troll's attack. The deep troll misses you.
You block the deep troll's attack.
Casting: Irradiate (safe; 1% risk of failure)
Confirm with . or Enter, or press ? or * to list all spells.
You feel a surge of power!
You erupt in a fountain of uncontrolled magic!
The deep troll is blasted with magical radiation!!!
You kill the deep troll!
The troll leather armour is intact enough to wear.
Unknown command.
Things that are here:
a +0 dagger; a +0 robe; a human corpse You start resting.
HP restored.
You start resting.
Your magical contamination has completely faded away.
You start resting.
Magic restored.
There is a stone staircase leading down here.
You climb downwards.
The spark wasp buzzes angrily.
You hear a shout!
The white very ugly thing gores you but does no damage.
You block the white very ugly thing's attack.
The water elemental completely misses you.
The fire giant simulacrum hits you but does no damage.
The deep troll completely misses you. You block the deep troll's attack.
The deep troll misses you. The deep troll closely misses you.
The deep troll barely misses you. x2
The white very ugly thing basks in the mutagenic energy from its kin and changes!
The white very ugly thing gores you!! The white very ugly thing freezes you!!
The water elemental closely misses you.
There is a stone staircase leading up, spattered with blood here.
Unknown command.
Casting: Irradiate (safe; 1% risk of failure)
Confirm with . or Enter, or press ? or * to list all spells.
You feel a surge of power!
You erupt in a fountain of uncontrolled magic!
The deep troll is blasted with magical radiation!!!!
You kill the deep troll!
The troll leather armour is intact enough to wear.
The fire giant simulacrum is blasted with magical radiation!!!
The fire giant simulacrum vaporises!
The red very ugly thing is blasted with magical radiation!!!
The red very ugly thing is moderately wounded.
The red very ugly thing basks in the mutagenic energy and changes!
The deep troll is blasted with magical radiation!!!
You kill the deep troll!
The white very ugly thing is blasted with magical radiation!!!
The white very ugly thing is heavily wounded.
The white very ugly thing basks in the mutagenic energy and changes!
The water elemental is blasted with magical radiation!!!
You destroy the water elemental!
You are very lightly contaminated with residual magic.
The spark wasp misses you.
The purple very ugly thing bites you but does no damage.
The red very ugly thing misses you.
Unknown command.
Casting: Irradiate (safe; 1% risk of failure)
Confirm with . or Enter, or press ? or * to list all spells.
You feel a surge of power!
You erupt in a fountain of uncontrolled magic!
The deep troll earth mage is blasted with magical radiation!!!
The deep troll earth mage is almost dead.
The purple very ugly thing is blasted with magical radiation!!!
The purple very ugly thing is severely wounded.
The spark wasp is blasted with magical radiation!!!
The spark wasp is severely wounded.
The spark wasp twists and deforms.
The sphinx is blasted with magical radiation!!!
The sphinx is heavily wounded.
The sphinx twists and deforms.
The red very ugly thing is blasted with magical radiation!!!
The red very ugly thing is almost dead.
The red very ugly thing basks in the mutagenic energy and changes!
You are lightly contaminated with residual magic.
The spark wasp barely misses you.
A spark wasp comes into view.
The sphinx casts a spell.
You suddenly lose the ability to move!
A deep troll earth mage comes into view.
The deep troll earth mage is engulfed in freezing vapours.
The deep troll earth mage dies!
The white very ugly thing headbutts you.
The white very ugly thing freezes you!! The purple very ugly thing bites you!
The spark wasp stings you but does no damage.
The sphinx hits you.
The sphinx hits you but does no damage. x2
A tengu warrior comes into view. It is wielding a +0 long sword.
The purple very ugly thing basks in the mutagenic energy from its kin and changes!
The white very ugly thing headbutts you!
* * * LOW HITPOINT WARNING * * *
The white very ugly thing freezes you!!!
You die...
Xom giggles madly!

##Q##
.####...#
........#
......T.#
........##
.......u.#
......T.u#
#....@†#
#.##uuH.#
#uyTu..#
.y...D[..#
#.y.....~~~.
......##......
.~..... ...T..
.~≈~~~. ......


You could see 4 very ugly things, an ice dragon, a sphinx (misshapen), 2 ugly
things, 3 spark wasps, a tengu warrior (wandering) and 4 deep troll earth magi.

Vanquished Creatures
  Mara (Swamp:4)
  Sojobo (Vaults:2)
  the Lernaean hydra (Swamp:4)
  Mlioglotl (Swamp:2)
  Asterion (Vaults:2)
  A titan (Vaults:4)
  Kirke (Swamp:2)
  A storm dragon (Swamp:4)
  6 emperor scorpions
  A fire giant (D:15)
  Aizul (Swamp:3)
  11 vault wardens
  A frost giant (Depths:1)
  A ghost moth (Spider:3)
  A balrug (Depths:1)
  2 orc warlords
  A broodmother (shapeshifter) (Depths:1)
  6 very ugly things
  5 stone giants (Depths:1)
  7 ironbound thunderhulks
  10 ironbound preservers
  A vampire knight (Vaults:3)
  3 broodmothers
  7 dire elephants
  3 bunyips
  2 eleionomae
  2 eidola (Vaults:3)
  Snorg (Orc:2)
  A crystal guardian (Vaults:3)
  4 fire dragons
  A shambling mangrove (Swamp:3)
  10 entropy weavers
  7 yaktaur captains
  2 peacekeepers
  A great orb of eyes (Vaults:4)
  Josephine (D:14)
  A rakshasa (D:14)
  3 spriggan air magi
  19 hydras
  5 radroaches
  An anaconda (D:14)
  An ogre mage (D:14)
  14 vault guards
  A ghost crab (Swamp:2)
  3 ironbound frosthearts
  3 jorogumos
  2 centaur warriors (D:14)
  8 boulder beetles
  A catoblepas (Lair:5)
  5 two-headed ogres
  A deep troll shaman (Depths:1)
  8 alligators
  3 death scarabs
  4 orc high priests (Orc:2)
  2 tengu warriors
  4 hell hogs (Depths:1)
  2 vampire magi
  2 deep troll earth magi (Depths:1)
  A death yak (Lair:5)
  2 hell knights (Depths:1)
  2 soul eaters (Depths:1)
  A sun demon (Depths:1)
  3 iron trolls (Depths:1)
  A skyshark (Lair:4)
  5 pharaoh ants
  9 swamp dragons
  A flayed ghost (Depths:1)
  6 goliath frogs
  5 orb spiders
  3 sun moths (Spider:4)
  33 deep trolls
  A glowing orange brain (Vaults:2)
  A death drake (Swamp:3)
  3 spectral ghost moths (Spider:1)
  A spriggan druid (Swamp:4)
  9 lindwurms
  3 bog bodies
  10 steelbarb worms
  Pikel (D:9)
  13 ironbound convokers
  A wizard (Vaults:4)
  3 tengu zombies (D:15)
  18 wolf spiders
  12 orc knights
  A deep elf pyromancer (D:15)
  3 necromancers
  6 harpies
  5 orc sorcerers (Orc:2)
  A human zombie (Vaults:2)
  A fire giant zombie (D:15)
  30 ugly things
  4 cyclopes
  A mana viper (Spider:4)
  A will-o-the-wisp (Swamp:2)
  21 elephants
  2 moths of wrath (shapeshifter) (D:13)
  4 moths of wrath
  Maurice (Orc:2)
  16 vault sentinels
  A salamander (shapeshifter) (D:14)
  6 black mambas
  Joseph (Lair:1)
  12 demonic crawlers
  4 smoke demons (Depths:1)
  25 cane toads
  5 torpor snails
  2 efreet (D:15)
  5 freezing wraiths
  5 tengu conjurers
  3 rime drakes
  6 komodo dragons
  37 yaktaurs
  2 guardian mummies (D:15)
  2 meliai (Spider:4)
  A queen bee (shapeshifter) (D:14)
  10 trolls
  2 wolf spider simulacra (Spider:1)
  4 polar bears
  11 hornets
  7 tyrant leeches
  21 tarantellas
  2 fire giant simulacra (Depths:2)
  10 dream sheep
  28 blink frogs
  32 slime creatures
  26 jumping spiders
  24 culicivoras
  12 spriggans
  An ettin skeleton (Vaults:2)
  A shadow (D:11)
  9 wraiths
  A vampire (D:12)
  A water elemental (Depths:2)
  6 wyverns
  2 steam dragons
  Eustachio (D:4)
  44 yaks
  A basilisk (D:14)
  A hog (Swamp:2)
  61 redbacks
  23 vampire mosquitoes
  An elf skeleton (Vaults:2)
  2 acid dragons
  7 swamp worms
  A warg (Orc:2)
  2 spectral entropy weavers (Spider:1)
  12 water moccasins
  3 hell hounds (D:15)
  Duvessa (D:5)
  A glowing shapeshifter skeleton (Depths:2)
  3 black bears
  4 swamp drakes (Swamp:4)
  2 ice beasts (D:7)
  23 orc warriors
  4 boggarts (Vaults:1)
  3 wolves (Lair:5)
  4 ogres
  6 centaurs
  A human skeleton (Vaults:2)
  A lemure (D:9)
  A centaur (shapeshifter) (Vaults:4)
  A phantom (D:4)
  A kobold brigand (D:7)
  11 bullfrogs
  4 scorpions
  3 wights (D:8)
  Dowan (D:5)
  2 killer bees (D:8)
  10 howler monkeys
  2 electric eels (Spider:1)
  A lava snake (D:14)
  21 orc priests
  4 hounds
  2 gnoll boudas (D:5)
  2 jellies (Lair:5)
  5 iguanas
  Terence (D:3)
  21 orc wizards
  12 hell rats (Lair:4)
  9 adders
  A river rat (D:1)
  6 gnolls (D:5)
  2 ufetubi
  2 worms
  A dart slug (D:4)
  59 orcs
  8 ball pythons
  5 endoplasms
  A giant cockroach (D:1)
  9 goblins
  4 hobgoblins
  4 jackals
  2 quokkas (D:3)
  A bat (D:3)
  A frilled lizard (D:1)
  19 kobolds
  4 rats
  A fire vortex (D:14)
1228 creatures vanquished.

Vanquished Creatures (collateral kills)
  2 tengu reavers (Vaults:2)
  2 dire elephants
  3 vault guards (D:14)
  An alligator (Swamp:3)
  A death yak (Spider:4)
  A lindwurm (Vaults:2)
  A vault sentinel (Vaults:2)
  A cane toad (Lair:5)
  3 hornets (Swamp:3)
  A tarantella (Spider:4)
  4 tyrant leeches
  3 slime creatures (Vaults:2)
  A culicivora (Spider:4)
  A jumping spider (Spider:1)
  2 spriggans (Swamp:3)
  A black bear (D:3)
  A killer bee (D:8)
  3 kobolds (D:2)
32 creatures vanquished.

Vanquished Creatures (others)
  The ghost of Athor the Covert, a journeyman VSBr of Okawaru (Spider:1)
  A deep troll earth mage (Depths:2)
  2 dancing weapons (D:14)
  A bloated husk (Swamp:2)
  2 humans (Swamp:2)
  A swamp drake (Swamp:4)
  A phantom (D:3)
  An orc wizard (Orc:1)
  6 foxfires (Swamp:2)
  47 fungi
  135 plants
  8 toadstools (D:2)
  4 withered plants (D:15)
210 creatures vanquished.

Grand Total: 1470 creatures vanquished

Notes
Turn   | Place    | Note
-------+----------+-------------------------------------------
     0 | D:1      | Flugkiller the Deep Elf Chaos Knight began the quest for
                  | the Orb.
     0 | D:1      | Reached XP level 1. HP: 13/13 MP: 3/3
    88 | D:1      | XOM: divination: detect items
   183 | D:1      | Reached XP level 2. HP: 19/19 MP: 4/4
   311 | D:1      | XOM: 9-stop teleportation journey
   321 | D:1      | XOM: 3-stop teleportation journey
   523 | D:1      | XOM: polymorph kobold -> river rat
   524 | D:1      | Reached skill level 1 in Spellcasting
   580 | D:1      | Learned a level 1 spell: Freeze
   592 | D:1      | Reached XP level 3. HP: 22/23 MP: 8/8
  1008 | D:2      | Reached skill level 1 in Ice Magic
  1020 | D:2      | XOM: smoke on damage
  1039 | D:2      | XOM: divination: detect creatures
  1058 | D:2      | XOM: confusion (+ monsters)
  1286 | D:2      | XOM: cast spell 'Summon Ice Beast'
  1520 | D:2      | Found a sparkling altar of Nemelex Xobeh.
  1552 | D:2      | XOM: 3-stop teleportation journey
  1557 | D:2      | XOM: divination: magic mapping
  1853 | D:3      | Learned a level 3 spell: Frozen Ramparts
  1863 | D:3      | XOM: divination: detect items
  1869 | D:3      | Reached XP level 4. HP: 25/28 MP: 4/10
  1872 | D:3      | Found a faded altar of an unknown god.
  1876 | D:3      | Found a basalt altar of Yredelemnul.
  2057 | D:3      | Found a transporter.
  2131 | D:3      | Found a transporter.
  2152 | D:3      | Noticed a black bear
  2157 | D:3      | XOM: summons 4 friendly demons
  2159 | D:3      | Killed a black bear
  2160 | D:3      | Reached XP level 5. HP: 32/32 MP: 6/11
  2248 | D:3      | XOM: summons 3 hostile shadow creatures
  2449 | D:3      | Found a runed translucent door.
  2450 | D:3      | Noticed Crazy Yiuf
  2485 | D:3      | Noticed adozu's ghost (novice OpTm)
  2551 | D:3      | Noticed Terence
  2561 | D:3      | Killed Terence
  2753 | D:4      | Found Visah's General Store.
  2759 | D:4      | Bought a potion of heal wounds for 60 gold pieces
  2759 | D:4      | Bought a scroll of identify for 24 gold pieces
  2910 | D:4      | Noticed a phantom
  2911 | D:4      | XOM: confuse monster(s)
  2977 | D:4      | XOM: scenery: create altars
  2994 | D:3      | Killed a phantom
  2994 | D:3      | XOM: divine lightning
  2995 | D:3      | Reached skill level 5 in Ice Magic
  3057 | D:4      | XOM: enchant monster (good)
  3059 | D:4      | Reached XP level 6. HP: 37/37 MP: 8/12
  3188 | D:4      | Noticed Eustachio
  3318 | D:4      | Reached skill level 1 in Conjurations
  3318 | D:4      | Reached skill level 1 in Evocations
  3401 | D:4      | Learned a level 3 spell: Ozocubu's Armour
  3579 | D:4      | Found a burning altar of Makhleb.
  3579 | D:4      | XOM: 2-stop teleportation journey
  3590 | D:4      | Killed Eustachio
  3591 | D:4      | Reached XP level 7. HP: 41/41 MP: 8/16
  3715 | D:4      | XOM: summons friendly quasit
  3736 | D:4      | Reached skill level 5 in Spellcasting
  3863 | D:4      | XOM: give mutations
  3863 | D:4      | Gained mutation: You are weak. (Str -2) [Xom's mischief]
  3863 | D:4      | Gained mutation: Your body sometimes deteriorates upon
                  | taking damage. [Xom's mischief]
  3906 | D:5      | Entered Level 5 of the Dungeon
  3948 | D:5      | XOM: blink monster(s)
  4195 | D:5      | Identified the +2 trident of Indomitability {drain, rC+}
  4339 | D:5      | Found a broken altar of Ashenzari.
  4461 | D:5      | Reached skill level 5 in Conjurations
  4461 | D:5      | Reached XP level 8. HP: 41/46 MP: 8/19
  4511 | D:5      | XOM: give mutation
  4511 | D:5      | Gained mutation: Your body often deteriorates upon taking
                  | damage. [Xom's mischief]
  4615 | D:5      | Found a shadowy altar of Dithmenos.
  4676 | D:5      | Found a staircase to the Ecumenical Temple.
  4750 | D:5      | XOM: noise
  4785 | D:5      | Noticed Dowan
  4785 | D:5      | Noticed Duvessa
  4854 | D:5      | XOM: silly message
  4862 | D:5      | XOM: summons 4 hostile shadow creatures
  5008 | D:5      | Killed Duvessa
  5029 | D:5      | Killed Dowan
  5155 | D:5      | Learned a level 3 spell: Hailstorm
  5161 | D:5      | Learned a level 5 spell: Irradiate
  5219 | D:5      | XOM: enchant monster (bad)
  5575 | D:6      | Reached skill level 1 in Transmutations
  5686 | D:6      | Found a stormy altar of Qazlal.
  6168 | D:6      | Found a runed translucent gate.
  6170 | D:6      | Found a runed translucent gate.
  6170 | D:6      | Found a runed translucent gate.
  6179 | D:6      | Noticed Tenz's ghost (novice TrTm)
  6404 | D:7      | Reached XP level 9. HP: 50/50 MP: 11/22
  6725 | D:7      | XOM: give mutations
  6725 | D:7      | Gained mutation: Your system is resistant to poisons.
                  | (rPois) [Xom's grace]
  6725 | D:7      | Gained mutation: You have large cloven feet. [Xom's grace]
  6725 | D:7      | Gained mutation: You have hoof-like feet. [Xom's grace]
  6765 | D:7      | Found an ornate altar of the Wu Jian Council.
  6910 | D:7      | XOM: noise
  7199 | D:7      | XOM is BORED!
  7495 | D:8      | XOM: divination: magic mapping
  7523 | D:8      | Noticed a two-headed ogre
  7533 | D:8      | XOM: divination: magic mapping
  7539 | D:8      | Killed a two-headed ogre
  7540 | D:8      | Reached skill level 5 in Transmutations
  7788 | D:8      | Found Zicuinaoqull's Antique Armour Shop.
  7802 | D:8      | Bought a pair of glowing gloves for 180 gold pieces
  7820 | D:8      | XOM: confuse monster(s)
  7978 | D:8      | Found a white marble altar of Elyvilon.
  7978 | D:8      | Found a snail-covered altar of Cheibriados.
  7978 | D:8      | Found an ancient bone altar of Kikubaaqudgha.
  7978 | D:8      | Found a hide-covered altar of Uskayaw.
  8266 | D:9      | Found a transporter.
  8278 | D:9      | Reached XP level 10. HP: 56/56 MP: 10/25
  8374 | D:9      | XOM: god gift: potion of attraction
  8422 | D:9      | Noticed Pikel
  8425 | D:9      | Killed Pikel
  8432 | D:9      | Reached skill level 5 in Fighting
  8432 | D:9      | Reached XP level 11. HP: 64/64 MP: 15/26
  8629 | D:9      | Found a transporter.
  8632 | D:9      | Noticed a red ugly thing
  8634 | D:9      | Noticed a green ugly thing
  8636 | D:9      | Found a corrupted altar of Lugonu.
  8638 | D:9      | Noticed a brown ugly thing
  8832 | D:10     | Entered Level 10 of the Dungeon
  9018 | D:10     | XOM: cast spell 'Alistair's Intoxication'
  9020 | D:10     | XOM: noise
  9079 | D:10     | XOM: summons 6 hostile demons
  9226 | D:10     | Reached skill level 10 in Spellcasting
  9581 | D:10     | Found a staircase to the Lair.
  9613 | D:10     | XOM: give mutations
  9613 | D:10     | Gained mutation: Armour fits poorly on your strangely
                  | shaped body. [Xom's mischief]
  9613 | D:10     | Gained mutation: You occasionally shout uncontrollably at
                  | your foes. [Xom's mischief]
  9613 | D:10     | Lost mutation: Armour fits poorly on your strangely shaped
                  | body. [Xom's mischief]
  9888 | D:11     | Reached skill level 10 in Conjurations
  9976 | D:11     | XOM: give mutation
  9976 | D:11     | Gained mutation: You possess an exceptional clarity of
                  | mind. [Xom's grace]
 10045 | D:11     | XOM: give mutation
 10045 | D:11     | Gained mutation: You occasionally lose the ability to read
                  | scrolls when taking damage. [Xom's mischief]
 10068 | D:11     | XOM: stat loss: -1 Dex (16/17)
 10105 | D:11     | XOM: give mutation
 10105 | D:11     | Lost mutation: You occasionally shout uncontrollably at
                  | your foes. [Xom's mischief]
 10110 | D:11     | Noticed a boulder beetle
 10115 | D:11     | Killed a boulder beetle
 10216 | D:11     | Noticed a two-headed ogre
 10221 | D:11     | Killed a two-headed ogre
 10399 | D:11     | XOM: torment (33/64 hp)
 10444 | D:11     | Noticed a two-headed ogre
 10449 | D:11     | Killed a two-headed ogre
 10450 | D:11     | Reached skill level 10 in Dodging
 10587 | D:10     | XOM: give mutation
 10587 | D:10     | Gained mutation: You occasionally shout uncontrollably at
                  | your foes. [Xom's mischief]
 10603 | Lair:1   | Entered Level 1 of the Lair of Beasts
 11014 | Lair:1   | XOM: give mutations
 11014 | Lair:1   | Gained mutation: You are clumsy. (Dex -2) [Xom's mischief]
 11014 | Lair:1   | Lost mutation: You occasionally lose the ability to read
                  | scrolls when taking damage. [Xom's mischief]
 11014 | Lair:1   | Lost mutation: You have hoof-like feet. [Xom's mischief]
 11018 | Lair:1   | Noticed Joseph
 11025 | Lair:1   | XOM: silly message
 11036 | Lair:1   | Killed Joseph
 11164 | Lair:1   | Identified the amulet of Divine Compulsion {rPois rF+++
                  | Regen+ MP+9 Int-3}
 11509 | Lair:1   | XOM: summons 6 hostile demons
 11656 | Lair:2   | Noticed an oklob plant
 11690 | Lair:2   | Reached XP level 12. HP: 62/70 MP: 26/28
 11902 | Lair:2   | XOM is BORED!
 11902 | Lair:2   | XOM: give mutation
 11902 | Lair:2   | Lost mutation: Your system is resistant to poisons. (rPois)
                  | [Xom's mischief]
 11998 | Lair:2   | XOM: summons 12 friendly demons
 12393 | Lair:2   | XOM: summons 1 hostile shadow creature
 12979 | Lair:3   | Found a staircase to the Swamp.
 13080 | Lair:3   | XOM: confuse monster(s)
 13086 | Lair:3   | XOM: silly message
 13097 | Lair:3   | XOM: polymorph elephant -> redback
 13099 | Lair:3   | XOM: silly message
 13128 | Lair:3   | XOM: noise
 13180 | Lair:3   | Found a hole to the Spider Nest.
 13409 | Lair:3   | Identified a scroll of acquirement
 13570 | Lair:4   | XOM: scenery: create altars
 13659 | Lair:4   | XOM: scenery: summon butterflies
 13666 | Lair:4   | XOM: cast spell 'Statue Form'
 13693 | Lair:4   | XOM: scenery: create altars
 13712 | Lair:4   | Reached XP level 13. HP: 78/78 MP: 17/32
 13803 | Lair:4   | XOM: destruction
 13932 | Lair:4   | XOM: polymorph elephant -> culicivora
 14224 | Lair:4   | XOM: summons 2 hostile demons
 14672 | Lair:5   | Entered Level 5 of the Lair of Beasts
 14672 | Lair:5   | XOM: cast spell 'Summon Ice Beast'
 14682 | Lair:5   | Reached skill level 1 in Earth Magic
 14736 | Lair:4   | XOM: give mutations
 14736 | Lair:4   | Lost mutation: You are clumsy. (Dex -2) [Xom's mischief]
 14736 | Lair:4   | Gained mutation: You are dopey. (Int -2) [Xom's mischief]
 14864 | Lair:5   | XOM: enchant monster (good)
 15124 | Lair:5   | XOM: 1-stop teleportation journey
 15162 | Lair:5   | XOM: 5-stop teleportation journey
 15178 | Lair:5   | XOM: fog
 15199 | Lair:5   | XOM: god gift: 2 silver boomerangs
 15234 | Lair:5   | XOM: 4-stop teleportation journey
 15314 | Lair:5   | XOM: potion effect (invisibility)
 15317 | Lair:5   | Reached skill level 5 in Earth Magic
 15552 | Lair:5   | XOM: confuse monster(s)
 15556 | Lair:5   | XOM: confuse monster(s)
 15572 | Lair:5   | Reached XP level 14. HP: 86/86 MP: 30/33
 15577 | Lair:5   | XOM: smoke on damage
 15585 | Lair:5   | Reached skill level 10 in Transmutations
 15753 | Lair:5   | XOM: confuse monster(s)
 15821 | Lair:5   | Found a viscous altar of Jiyva.
 15821 | Lair:5   | Found a staircase to the Slime Pits.
 16111 | Lair:5   | XOM: give mutations
 16111 | Lair:5   | Gained mutation: You occasionally lose the ability to read
                  | scrolls when taking damage. [Xom's mischief]
 16111 | Lair:5   | Gained mutation: Armour fits poorly on your strangely
                  | shaped body. [Xom's mischief]
 16207 | Lair:5   | Acquired 571 gold pieces
 16209 | Lair:5   | Acquired 529 gold pieces
 16211 | Lair:5   | Acquired the Folio of Quicksand and the Xenotype
 16220 | Lair:5   | Learned a level 6 spell: Statue Form
 16227 | Lair:5   | Learned a level 6 spell: Iron Shot
 16329 | Lair:5   | XOM: give mutation
 16329 | Lair:5   | Lost mutation: You possess an exceptional clarity of mind.
                  | [Xom's mischief]
 16653 | D:12     | Reached skill level 10 in Fighting
 16728 | D:12     | XOM: summons friendly quasit
 16803 | D:12     | XOM: 2-stop teleportation journey
 16816 | D:12     | XOM: chaos upgrade
 17128 | D:12     | Found a staircase to the Orcish Mines.
 17145 | D:12     | Identified the +1 flail of Kuitog {drain, rElec}
 17370 | D:12     | You fall into a shaft and drop 3 floors!
 17370 | D:15     | Entered Level 15 of the Dungeon
 17382 | D:14     | Found Voypn's Book Boutique.
 17405 | D:14     | Noticed Josephine
 17407 | D:14     | Killed Josephine
 17408 | D:14     | Reached skill level 10 in Earth Magic
 17582 | D:14     | XOM: summons friendly white imp
 17608 | D:14     | XOM: chaos cloud
 17952 | D:14     | XOM: polymorph slime creature -> alligator
 18191 | D:14     | XOM: 1-stop teleportation journey
 18271 | D:14     | Found a gate to the Vaults.
 18294 | D:14     | XOM: divination: magic mapping
 18299 | D:14     | XOM: fake destruction
 18343 | D:14     | XOM: cleaving
 18368 | D:14     | Learned a level 5 spell: Borgnjor's Vile Clutch
 18379 | D:14     | Reached skill level 1 in Necromancy
 18629 | D:14     | Found an ancient bone altar of Kikubaaqudgha.
 18734 | D:14     | Found a runed translucent door.
 18784 | D:14     | XOM: enchant monster (good)
 18792 | D:14     | XOM: confuse monster(s)
 18800 | D:14     | XOM: enchant monster (good)
 18830 | D:14     | XOM: polymorph slime creature -> anaconda
 18831 | D:14     | XOM: enchant monster (good)
 18875 | D:14     | XOM: cloud trail
 19318 | D:14     | XOM: summons friendly ufetubus
 19321 | D:14     | Reached XP level 15. HP: 92/92 MP: 31/34
 19947 | D:13     | XOM: 3-stop teleportation journey
 20027 | D:13     | XOM: noise
 20038 | D:13     | XOM: enchant monster (bad)
 20524 | D:13     | XOM: silly message
 20898 | D:12     | Reached skill level 5 in Necromancy
 21331 | D:8      | Bought a heavily jewelled robe for 136 gold pieces
 21331 | D:8      | Identified the +1 robe of the Farmer {rF+ MP+9 Int-3} (You
                  | bought it in a shop on level 8 of the Dungeon)
 21332 | D:8      | Bought an encrusted cloak for 228 gold pieces
 21332 | D:8      | Identified the +2 cloak of Patterns {rF+ Stlth+} (You
                  | bought it in a shop on level 8 of the Dungeon)
 21570 | D:15     | XOM: noise
 21577 | D:15     | Noticed Jorgrun
 21580 | D:15     | Jorgrun changed into Jorgrun the fire giant
 21580 | D:15     | Noticed Jorgrun
 21580 | D:15     | XOM: polymorph Jorgrun -> Jorgrun the fire giant
 21588 | D:15     | Killed Jorgrun the fire giant
 21884 | D:14     | XOM: scenery: create altars
 21923 | D:15     | XOM: cast spell 'Summon Mana Viper'
 22067 | D:15     | Found a staircase to the Depths.
 22281 | D:15     | XOM: cast spell 'Summon Mana Viper'
 22482 | D:13     | XOM: give mutation
 22482 | D:13     | Gained mutation: You are partially covered in iridescent
                  | scales. (AC +2) [Xom's mischief]
 22525 | Orc:1    | Entered Level 1 of the Orcish Mines
 22573 | Orc:1    | XOM: 3-stop teleportation journey
 22739 | Orc:1    | XOM: god gift: ring of willpower
 22977 | Orc:1    | XOM: summons friendly shadow imp
 23064 | Orc:1    | XOM: summons 2 hostile demons
 23154 | Orc:1    | XOM: give mutations
 23154 | Orc:1    | Lost mutation: You are dopey. (Int -2) [Xom's mischief]
 23154 | Orc:1    | Lost mutation: You occasionally lose the ability to read
                  | scrolls when taking damage. [Xom's mischief]
 23318 | Orc:2    | Entered Level 2 of the Orcish Mines
 23443 | Orc:2    | Noticed Maurice
 23448 | Orc:2    | Killed Maurice
 23650 | Orc:2    | XOM: scenery: summon butterflies
 23663 | Orc:2    | Paralysed by an orc sorcerer for 3 turns
 23685 | Orc:2    | XOM: cast spell 'Call Canine Familiar'
 23961 | Orc:2    | XOM: scenery: create altars
 23996 | Orc:2    | Found a staircase to the Elven Halls.
 24236 | Orc:2    | XOM: god gift: 66 gold pieces
 24355 | Orc:2    | Noticed Snorg
 24360 | Orc:2    | Killed Snorg
 24373 | Orc:2    | XOM: scenery: create altars
 24560 | Orc:2    | XOM: divination: detect items
 24824 | Orc:2    | XOM: cloud trail
 25016 | Orc:2    | Reached skill level 15 in Earth Magic
 25227 | Orc:2    | Found Ceicw's Assorted Antiques.
 25227 | Orc:2    | Found Isal's Antique Weapon Shop.
 25228 | Orc:2    | Found Hatsuj's Distillery.
 25228 | Orc:2    | Found Fewowivy's Antique Armour Emporium.
 25248 | Orc:2    | Bought a potion of heal wounds for 140 gold pieces
 25250 | Orc:2    | Bought a potion of haste for 100 gold pieces
 25296 | Orc:2    | Bought a forked bronze wand for 112 gold pieces
 25431 | Orc:1    | XOM: summons 4 hostile demons
 25604 | D:11     | XOM is BORED!
 25604 | D:11     | XOM: torment (47/92 hp)
 25611 | D:11     | XOM: silly message
 25739 | Spider:1 | Entered Level 1 of the Spider Nest
 25762 | Spider:1 | XOM: summons friendly ufetubus
 25763 | Spider:1 | XOM: repel stairs
 25776 | Spider:1 | XOM: chaos cloud
 25786 | Spider:1 | Reached XP level 16. HP: 65/97 MP: 6/35
 25991 | Spider:1 | Found a transporter.
 25991 | Spider:1 | Noticed Athor's ghost (journeyman VSBr)
 26537 | Spider:1 | XOM: cloud trail
 26864 | Spider:1 | XOM: divination: detect creatures
 26886 | Spider:1 | Found a transporter.
 26930 | Spider:1 | XOM: butterfly on damage
 26933 | Spider:1 | XOM: enchant monster (good)
 26938 | Spider:1 | Your ally Athor's ghost died
 26941 | Spider:1 | XOM: noise
 26945 | Spider:1 | XOM: destruction
 27114 | Spider:1 | Identified the ring of Wisdom {Will+ Str+4}
 27134 | Spider:1 | Learned a level 7 spell: Spellforged Servitor
 27187 | Spider:1 | XOM: give mutations
 27187 | Spider:1 | Gained mutation: You have a pair of small horns on your
                  | head. [Xom's grace]
 27187 | Spider:1 | Lost mutation: You are weak. (Str -2) [Xom's grace]
 27187 | Spider:1 | Lost mutation: You have large cloven feet. [Xom's grace]
 27187 | Spider:1 | Gained mutation: You have sharp toenails. [Xom's grace]
 27238 | Spider:2 | Reached skill level 1 in Summonings
 27421 | Spider:1 | XOM: scenery: summon butterflies
 27464 | Spider:2 | XOM: divination: detect items
 27474 | Spider:2 | XOM: divination: detect items
 27621 | Spider:2 | XOM: cast spell 'Metabolic Englaciation'
 27626 | Spider:2 | XOM: cast spell 'Summon Ice Beast'
 27630 | Spider:2 | XOM: noise
 27634 | Spider:2 | XOM: smoke on damage
 27652 | Spider:2 | Reached skill level 5 in Summonings
 27663 | Spider:2 | Gained mutation: You are frail. (-10% HP) [mutagenic glow]
 28008 | Spider:2 | XOM: scenery: summon butterflies
 28065 | Spider:2 | XOM: divination: detect creatures
 28145 | Spider:3 | XOM: summons friendly quasit
 28220 | Spider:2 | XOM: give mutations
 28220 | Spider:2 | Gained mutation: You expend magic power (3 MP) to
                  | strengthen your wands. [Xom's mischief]
 28220 | Spider:2 | Lost mutation: You have a pair of small horns on your head.
                  | [Xom's mischief]
 28220 | Spider:2 | Lost mutation: Your body often deteriorates upon taking
                  | damage. [Xom's mischief]
 28220 | Spider:2 | Lost mutation: Armour fits poorly on your strangely shaped
                  | body. [Xom's mischief]
 28448 | Spider:2 | XOM: silly message
 28599 | Spider:3 | Reached skill level 15 in Spellcasting
 28621 | Spider:3 | XOM: summons 3 friendly demons
 28630 | Spider:3 | XOM: potion effect (heal wounds)
 28641 | Spider:3 | XOM: 2-stop teleportation journey
 29567 | Spider:4 | Entered Level 4 of the Spider Nest
 29791 | Spider:4 | XOM: give mutations
 29791 | Spider:4 | Gained mutation: You occasionally lose the ability to read
                  | scrolls when taking damage. [Xom's mischief]
 29791 | Spider:4 | Gained mutation: Armour fits poorly on your strangely
                  | shaped body. [Xom's mischief]
 29791 | Spider:4 | Lost mutation: You expend magic power (3 MP) to strengthen
                  | your wands. [Xom's mischief]
 29791 | Spider:4 | Gained mutation: You are dopey. (Int -2) [Xom's mischief]
 29809 | Spider:4 | XOM: 1-stop teleportation journey
 29811 | Spider:4 | XOM: noise
 29823 | Spider:4 | Reached skill level 15 in Conjurations
 29823 | Spider:4 | Reached XP level 17. HP: 51/91 MP: 15/38
 29828 | Spider:4 | XOM: enchant monster (bad)
 29921 | Spider:4 | Reached skill level 10 in Summonings
 30045 | Spider:4 | XOM: polymorph culicivora -> mana viper
 30103 | Spider:4 | XOM: polymorph emperor scorpion -> death yak
 30179 | Spider:4 | XOM: 3-stop teleportation journey
 30272 | Spider:3 | XOM: give mutations
 30272 | Spider:3 | Lost mutation: You are partially covered in iridescent
                  | scales. (AC +2) [Xom's mischief]
 30272 | Spider:3 | Gained mutation: You are very frail. (-20% HP) [Xom's
                  | mischief]
 30272 | Spider:3 | Lost mutation: You occasionally shout uncontrollably at
                  | your foes. [Xom's mischief]
 30272 | Spider:3 | Gained mutation: You occasionally lose the ability to drink
                  | potions when taking damage. [Xom's mischief]
 30335 | Spider:3 | Gained mutation: You are occasionally teleported next to
                  | monsters. [mutagenic glow]
 30453 | Spider:4 | XOM: give mutations
 30453 | Spider:4 | Lost mutation: You are occasionally teleported next to
                  | monsters. [Xom's mischief]
 30453 | Spider:4 | Lost mutation: Armour fits poorly on your strangely shaped
                  | body. [Xom's mischief]
 30453 | Spider:4 | Gained mutation: You sometimes lose the ability to drink
                  | potions when taking damage. [Xom's mischief]
 30453 | Spider:4 | Lost mutation: You sometimes lose the ability to drink
                  | potions when taking damage. [Xom's mischief]
 30553 | Spider:4 | XOM: cloud trail
 30800 | Spider:4 | XOM: summons 4 hostile demons
 31049 | Spider:4 | XOM: give mutations
 31049 | Spider:4 | Gained mutation: Your magical capacity is low. (-10% MP)
                  | [Xom's mischief]
 31049 | Spider:4 | Lost mutation: You are dopey. (Int -2) [Xom's mischief]
 31049 | Spider:4 | Gained mutation: Your body often deteriorates upon taking
                  | damage. [Xom's mischief]
 31183 | Spider:4 | Got a gossamer rune of Zot
 31947 | Swamp:1  | Entered Level 1 of the Swamp
 32005 | Swamp:1  | XOM: noise
 32074 | Swamp:1  | XOM: 2-stop teleportation journey
 32146 | Swamp:1  | XOM: silly message
 32519 | Swamp:2  | XOM: enchant monster (good)
 32609 | Swamp:2  | Noticed Kirke
 32617 | Swamp:2  | XOM: divination: detect items
 32621 | Swamp:2  | Killed Kirke
 32765 | Swamp:2  | XOM: smoke on damage
 32771 | Swamp:2  | XOM: enchant monster (bad)
 33492 | Swamp:2  | Noticed Mlioglotl
 33493 | Swamp:2  | XOM: enchant monster (bad)
 33502 | Swamp:2  | XOM: confusion
 33506 | Swamp:2  | Killed Mlioglotl
 33716 | Swamp:2  | XOM: divination: magic mapping
 33761 | Swamp:2  | XOM: divination: detect creatures
 33828 | Swamp:3  | Noticed Aizul
 33837 | Swamp:3  | Killed Aizul
 33906 | Swamp:3  | XOM: divination: magic mapping
 33928 | Swamp:3  | XOM is BORED!
 33928 | Swamp:3  | XOM: silly message
 34048 | Swamp:3  | XOM is BORED!
 34048 | Swamp:3  | XOM: silly message
 34178 | Swamp:3  | XOM: silly message
 34237 | Swamp:3  | XOM: silly message
 34361 | Swamp:3  | XOM: give mutation
 34361 | Swamp:3  | Lost mutation: You occasionally lose the ability to drink
                  | potions when taking damage. [Xom's mischief]
 34581 | Swamp:3  | XOM: give mutations
 34581 | Swamp:3  | Lost mutation: You occasionally lose the ability to read
                  | scrolls when taking damage. [Xom's mischief]
 34581 | Swamp:3  | Gained mutation: You are extremely frail. (-30% HP) [Xom's
                  | mischief]
 34669 | Swamp:4  | Entered Level 4 of the Swamp
 34814 | Swamp:4  | Noticed Mara
 34814 | Swamp:4  | XOM: noise
 34820 | Swamp:4  | Noticed Flugkiller's illusion
 34986 | Swamp:4  | Killed Mara
 34987 | Swamp:4  | Reached XP level 18. HP: 74/74 MP: 18/35
 35018 | Swamp:3  | XOM is BORED!
 35018 | Swamp:3  | XOM: noise
 35342 | Swamp:4  | XOM: noise
 35355 | Swamp:4  | XOM: summons 1 hostile shadow creature
 35484 | Swamp:4  | Reached skill level 15 in Dodging
 35548 | Swamp:4  | XOM: confusion (+ monsters)
 35577 | Swamp:4  | XOM: noise
 35775 | Swamp:4  | XOM: stat loss: -1 Int (33/35)
 35782 | Swamp:4  | XOM: polymorph six-headed hydra -> storm dragon
 36070 | Swamp:4  | Noticed the 27-headed Lernaean hydra
 36081 | Swamp:4  | Reached skill level 1 in Shields
 36109 | Swamp:3  | XOM: cloud trail
 36323 | Swamp:4  | XOM: summons 2 friendly demons
 36325 | Swamp:4  | Killed the 27-headed Lernaean hydra
 36505 | Swamp:4  | XOM: scenery: summon butterflies
 36513 | Swamp:4  | Got a decaying rune of Zot
 36922 | Vaults:1 | Entered Level 1 of the Vaults
 36950 | Vaults:1 | Reached skill level 5 in Shields
 37168 | Vaults:1 | XOM: cast spell 'Leda's Liquefaction'
 37189 | Vaults:1 | XOM: cleaving
 37272 | Vaults:1 | XOM: fog
 37442 | Vaults:1 | Lost mutation: You have sharp toenails. [potion of
                  | mutation]
 37442 | Vaults:1 | Lost mutation: Your body often deteriorates upon taking
                  | damage. [potion of mutation]
 37442 | Vaults:1 | Lost mutation: Your body sometimes deteriorates upon taking
                  | damage. [potion of mutation]
 37442 | Vaults:1 | Gained mutation: You are agile. (Dex +4, Str/Int -1)
                  | [potion of mutation]
 37442 | Vaults:1 | Lost mutation: You are extremely frail. (-30% HP) [potion
                  | of mutation]
 37465 | Vaults:1 | XOM: scenery: create altars
 37483 | Vaults:1 | XOM: summons friendly iron imp
 37609 | Vaults:1 | Found Voatewn's Weapon Shoppe.
 37832 | Vaults:1 | You fall into a shaft and drop 1 floor!
 37841 | Vaults:2 | XOM: cleaving
 37945 | Vaults:2 | XOM: cast spell 'Summon Small Mammal'
 37946 | Vaults:2 | XOM: potion effect (magic)
 37953 | Vaults:2 | XOM: potion effect (heal wounds)
 37960 | Vaults:2 | XOM: swap monsters
 38041 | Vaults:2 | Noticed Asterion
 38052 | Vaults:2 | Killed Asterion
 38119 | Vaults:2 | XOM: god gift: potion of heal wounds
 38247 | Vaults:2 | XOM: confuse monster(s)
 38280 | Vaults:2 | XOM: summons 3 hostile shadow creatures
 38334 | Vaults:2 | XOM: god gift: staff of cold
 38414 | Vaults:2 | XOM: give mutations
 38414 | Vaults:2 | Lost mutation: Your magical capacity is low. (-10% MP)
                  | [Xom's mischief]
 38414 | Vaults:2 | Gained mutation: You occasionally lose the ability to read
                  | scrolls when taking damage. [Xom's mischief]
 38546 | Vaults:2 | Noticed Sojobo
 38552 | Vaults:2 | Killed Sojobo
 38685 | Vaults:2 | XOM: noise
 38701 | Vaults:2 | XOM: swap monsters
 38707 | Vaults:2 | Reached XP level 19. HP: 90/95 MP: 19/40
 38907 | Vaults:2 | XOM: stat loss: -1 Int (33/34)
 38914 | Vaults:2 | Reached skill level 10 in Evocations
 39555 | Vaults:2 | XOM: confusion
 39559 | Vaults:2 | XOM: swap monsters
 39560 | Vaults:2 | XOM: confuse monster(s)
 39664 | Vaults:2 | Found Nusely's Antique Weapon Boutique.
 39696 | Vaults:2 | XOM: chaos cloud
 40503 | Vaults:3 | XOM: give mutations
 40503 | Vaults:3 | Lost mutation: You occasionally lose the ability to read
                  | scrolls when taking damage. [Xom's mischief]
 40503 | Vaults:3 | Lost mutation: You are agile. (Dex +4, Str/Int -1) [Xom's
                  | mischief]
 40885 | Vaults:3 | Found a staircase to the Crypt.
 40897 | Vaults:3 | Found Ykuosel's Book Emporium.
 40943 | Vaults:3 | XOM: noise
 41642 | Vaults:3 | XOM: stat loss: -1 Int (37/38)
 41783 | Vaults:3 | XOM is BORED!
 41783 | Vaults:3 | XOM: summons 2 hostile shadow creatures
 41935 | Vaults:4 | Found Ledi's Antique Weapon Boutique.
 42042 | Vaults:4 | XOM: butterfly on damage
 42042 | Vaults:4 | XOM: smoke on damage
 42044 | Vaults:4 | Found Wuuzynits's Distillery.
 42522 | Vaults:4 | XOM: polymorph yaktaur -> entropy weaver
 42741 | Vaults:4 | Bought 2 potions of mutation for 352 gold pieces
 42741 | Vaults:4 | Bought a potion of mutation for 176 gold pieces
 42741 | Vaults:4 | Bought a potion of heal wounds for 110 gold pieces
 42741 | Vaults:4 | Lost mutation: You are very frail. (-20% HP) [potion of
                  | mutation]
 42741 | Vaults:4 | Lost mutation: You are frail. (-10% HP) [potion of
                  | mutation]
 42741 | Vaults:4 | Gained mutation: Your movements are slightly less
                  | encumbered by armour. (ER -2) [potion of mutation]
 42741 | Vaults:4 | Gained mutation: You expend magic power (3 MP) to
                  | strengthen your wands. [potion of mutation]
 42850 | Vaults:4 | XOM: polymorph red ugly thing -> green ugly thing
 42867 | Vaults:4 | XOM: fog
 42868 | Vaults:4 | XOM: divination: detect items
 43693 | Vaults:4 | XOM: divination: detect items
 43829 | Vaults:4 | XOM: 1-stop teleportation journey
 44031 | Vaults:4 | XOM: cleaving
 44191 | Vaults:4 | XOM: cast spell 'Metabolic Englaciation'
 44219 | Vaults:4 | XOM: give mutations
 44219 | Vaults:4 | Gained mutation: Your flesh is heat resistant. (rF+) [Xom's
                  | grace]
 44219 | Vaults:4 | Gained mutation: You are robust. (+10% HP) [Xom's grace]
 44219 | Vaults:4 | Gained mutation: You have sharp toenails. [Xom's grace]
 44305 | Vaults:4 | XOM: cloud trail
 44627 | Vaults:4 | XOM: divination: detect creatures
 44652 | Vaults:5 | Entered Level 5 of the Vaults
 44655 | Vaults:5 | Noticed a golden dragon
 44676 | Vaults:4 | XOM: give mutations
 44676 | Vaults:4 | Lost mutation: You are robust. (+10% HP) [Xom's mischief]
 44676 | Vaults:4 | Gained mutation: You are dopey. (Int -2) [Xom's mischief]
 44676 | Vaults:4 | Lost mutation: You are dopey. (Int -2) [Xom's mischief]
 44700 | Vaults:4 | XOM: divination: detect items
 44769 | Vaults:4 | Reached XP level 20. HP: 125/125 MP: 33/42
 44771 | Vaults:4 | XOM: god gift: potion of heal wounds
 45099 | Depths:1 | Entered Level 1 of the Depths
 45354 | Depths:1 | Found an ornate altar of the Wu Jian Council.
 45363 | Depths:1 | XOM: cloud trail
 45372 | Depths:1 | Found Wionkeaho's Jewellery Emporium.
 45373 | Depths:1 | Found Retz's Book Boutique.
 45374 | Depths:1 | Found Peledud's Jewellery Emporium.
 45470 | Depths:1 | Found a gateway to Hell.
 45476 | Depths:1 | XOM: enchant monster (good)
 45845 | Depths:1 | XOM: smoke on damage
 46005 | Depths:1 | XOM: god gift: ring of resist corrosion
 46027 | Depths:1 | XOM: cleaving
 46037 | Depths:1 | XOM: polymorph hell hog -> demonic crawler
 46098 | Depths:1 | XOM: scenery: create altars
 46133 | Depths:1 | XOM: 2-stop teleportation journey
 46251 | Depths:1 | XOM: summons 2 hostile demons
 47050 | Depths:1 | Acquired 501 gold pieces
 47198 | Depths:2 | Paralysed by a sphinx for 4 turns
 47199 | Depths:2 | Mangled by a white very ugly thing

Illustrated notes

Levels and vault maps discovered:
D:1:      giann_forest_graveyard, layout_basic
D:2:      cheibrodos_fertilizer, layout_basic, serial_bayou,
          serial_bayou_shore_a, serial_bayou_pond_a, serial_bayou_lagoon_b,
          serial_bayou_pond_d, serial_bayou_lagoon_a, basic_altar,
          corexii_leaking_fountain
D:3:      layout_loops_ring, nicolae_overflow_ecumenical_swirl,
          gammafunk_ghost_stat_death, eino_tiny_chamber,
          uniq_crazy_yiuf_cottage, uniq_terence
D:4:      layout_loops_ring, bloody_makhleb, nicolae_stop_n_shop_1,
          grunt_decor_clamped, uniq_eustachio
D:5:      layout_basic, nicolae_dithmenos_the_darkroom,
          cheibrodos_ashenzari_chains, minmay_temple_entry_fiery, uniq_duvessa
D:6:      layout_loops_ring, general_overflow_altar, gammafunk_ghost_necromancy,
          hex_tiny
D:7:      layout_loops_corners, old_standard_altar
D:8:      layout_basic, chequers_temple_overflow_statue_of_worship,
          serial_shops, nicolae_shop_hallway_plus
D:9:      gammafunk_corrupted_shrine, layout_loops_cross, uniq_pikel
D:10:     layout_roguey, grunt_lair_entry_orc_guard_hut
D:11:     layout_long_grid
D:12:     layout_grid_maze, david_orc_5
D:13:     layout_stronghold
D:14:     layout_loops_cross, erik_vaults_2, serial_shops,
          nicolae_inconvenience_store, kiku_gazebo_pond_becter, lightli_airlock,
          uniq_josephine
D:15:     gammafunk_depths_entry_grave, layout_rooms,
          ebering_dispersal_statue_hall, minmay_rotating_lava, uniq_jorgrun
Lair:1:   layout_loops_ring, serial_forest, infiniplex_forest_straight_4,
          infiniplex_forest_join, infiniplex_forest_straight_1,
          infiniplex_forest_lined_room_2, infiniplex_forest_lined_room_,
          grunt_megastairs_4, infiniplex_staircase_pool_2, uniq_joseph
Lair:2:   layout_regular_city, grunt_megastairs_5, infiniplex_staircase_pool
Lair:3:   layout_regular_city, swamp_mist_pool, dummy_spider_entry
Lair:4:   layout_small_grid, beast_lair_carwin_11
Lair:5:   minmay_lair_end_frog_pond, layout_cave_pods,
          nicolae_slime_entry_slimehenge, nicolae_lair_yak_garden
Swamp:1:  layout_falls_marsh, nicolae_swamp_decorative_isthmus, swamp_pool3
Swamp:2:  layout_basic_swamp, evilmike_swamp_ruin_house_3, uniq_kirke,
          uniq_mlioglotl
Swamp:3:  layout_falls_marsh, serial_swamp_ruin, evilmike_swamp_ruin_rubble_1,
          evilmike_swamp_ruin_house_5, uniq_aizul
Swamp:4:  swamp_old_school, layout_basic_swamp, uniq_mara
Spider:1: layout_spider_delve, gammafunk_ghost_mausoleum, guppyfry_spider_mini_3
Spider:2: layout_spider_delve, nicolae_spider_webbed_stairs
Spider:3: layout_spider_delve, drop_trap, nicolae_spider_bug_shape
Spider:4: hellmonk_spider_rune_bug_friends
Orc:1:    layout_diamond_mine
Orc:2:    st_orc_elflike, layout_diamond_mine, uniq_maurice, uniq_snorg
Vaults:1: v_misc_25, ontoclasm_vaults_decontamination, vaults_room_octagon,
          hangedman_vaults_nails, dpeg_vaults_monster_box,
          layout_vaults_omnigrid, serial_shops, shop
Vaults:2: ontoclasm_vaults_ring_small, v_misc_8, hangedman_vaults_cutoff,
          vaults_standard_mumra_enter_the_diamond, v_misc_4,
          ontoclasm_vaults_gateway, vaults_room_corners,
          nicolae_vaults_what_the_h, vaults_mumra_chevron_long,
          vaults_room_pools, layout_vaults_ring, serial_shops, shop,
          uniq_asterion, uniq_sojobo
Vaults:3: minmay_crypt_entry_simple_statues, nicolae_vaults_triangles,
          nicolae_vaults_little_ls, v_alt_pattern_1, hangedman_vaults_stream,
          vaults_mumra_lcd, vaults_room_pool, ontoclasm_vaults_spin,
          vaults_room_pools, layout_vaults_omnicross, serial_shops, shop
Vaults:4: vaults_room_corners, nicolae_vaults_yaktaur_gun_rack,
          nicolae_vaults_disjoint_gnomons, nicolae_vaults_mini_display_case,
          vaults_mumra_minichess, ontoclasm_vaults_chip,
          nicolae_vaults_halls_meeting, vaults_dpeg_doors,
          ontoclasm_vaults_ring_small, v_misc_17, vaults_room_fancy_cross,
          ontoclasm_vaults_misaligned, ontoclasm_vaults_ligature,
          vaults_room_stairs_pillars, layout_vaults_omnibox, serial_shops, shop,
          nicolae_shop_hallway_plus
Vaults:5: uniq_boris
Depths:1: layout_gridville, hellmouth_3, nicolae_wu_jian_glorious_leap,
          minmay_shop_grove
Depths:2: gammafunk_depths_water_palace, layout_cave_pools, pan_entry,
          hell_entry, uniq_saint_roka, uniq_josephina

Skill      XL: |  1  2  3  4  5  6  7  8  9 10 11 12 13 14 15 16 17 18 19 20 |
---------------+-------------------------------------------------------------+-----
Fighting       | 3 5 6 8 9 10 13 14 | 14.8
Spellcasting   | 2 3 4 6 7 9 10 13 15 16 | 16.0
Ice Magic      | 2 4 5 6 8 |  8.0
Conjurations   | 2 5 7 9 11 12 13 15 17 18 | 18.0
Evocations     | 2 6 8 9 10 | 10.0
Transmutations | 3 6 8 9 10 | 10.0
Dodging        | 3 9 10 11 14 15 18 | 18.0
Earth Magic    | 5 12 15 | 15.0
Necromancy     | 2 7 |  7.0
Summonings     | 9 12 14 | 14.0
Shields        | 5 |  5.0
Short Blades   | |  3.0
Armour         | |  0.7

Action                     |  1- 3 |  4- 6 |  7- 9 | 10-12 | 13-15 | 16-18 | 19-21 || total
---------------------------+-------+-------+-------+-------+-------+-------+-------++-------
  Melee: Short sword       |   167 |    23 |       |       |       |       |       ||   190
         Punch             |     1 |       |     1 |     1 |     6 |     1 |       ||    10
         Rapier            |       |       |    45 |       |       |       |       ||    45
         Trident           |       |       |    35 |    52 |       |       |       ||    87
         Staff             |       |       |       |    94 |   242 |   194 |    42 ||   572
         Kick              |       |       |       |     8 |    31 |    66 |       ||   105
         Headbutt          |       |       |       |       |       |     7 |       ||     7
   Cast: Freeze            |     7 |    76 |    47 |       |     8 |       |       ||   138
         Frozen Ramparts   |       |     2 |    40 |    17 |    18 |     6 |       ||    83
         Ozocubu's Armour  |       |       |    10 |    11 |     4 |       |       ||    25
         Hailstorm         |       |       |    15 |    65 |   118 |       |       ||   198
         Irradiate         |       |       |    11 |    43 |    60 |    68 |    27 ||   209
         Iron Shot         |       |       |       |       |   238 |   312 |   285 ||   835
         Statue Form       |       |       |       |       |    12 |    41 |     7 ||    60
         Borgnjor's Vile C |       |       |       |       |    20 |    63 |     4 ||    87
         Spellforged Servi |       |       |       |       |       |    14 |     3 ||    17
  Evoke: Piece from Xom's  |       |     5 |     1 |       |       |       |       ||     6
         Wand              |       |     6 |       |       |     1 |    12 |     2 ||    21
         Tin of tremorston |       |       |       |       |     3 |     6 |     1 ||    10
         Phantom mirror    |       |       |       |       |     1 |       |       ||     1
         Phial of floods   |       |       |       |       |       |     1 |       ||     1
    Use: Scroll            |     3 |     1 |    13 |     8 |    10 |     6 |     2 ||    43
         Potion            |     1 |     1 |       |     2 |     1 |    11 |     1 ||    17
   Stab: Confused          |     1 |       |       |       |       |     2 |       ||     3
         Sleeping          |     1 |       |       |       |       |       |       ||     1
         Distracted        |       |       |       |     2 |       |       |     1 ||     3
         Paralysed         |       |       |       |       |       |    12 |       ||    12
 Armour: Leather armour    |    39 |    63 |    68 |     7 |       |       |       ||   177
         Steam dragon scal |       |       |       |    91 |   115 |    60 |    28 ||   294
         Skin              |       |       |       |    33 |   152 |   675 |    28 ||   888
  Dodge: Dodged            |    82 |    71 |    98 |   313 |   529 |  1124 |   176 ||  2393
  Block: Buckler           |       |       |       |       |       |   133 |    70 ||   203

Table legend: (Time is in decaauts)
 A = Elapsed time spent in this place.
 B = Non-inter-level travel time spent in this place.
 C = Inter-level travel time spent in this place.
 D = Time resting spent in this place.
 E = Time spent auto-exploring this place.
 F = Levels seen in this place.
 G = Mean time per level.
                   A        B        C        D        E       F      G
               +--------+--------+--------+--------+--------+-----+--------+
         Total |  49440 |  46638 |   2802 |  18583 |  19085 |  37 | 1336.2 |
       Dungeon |  17292 |  15853 |   1439 |   4486 |   8123 |  15 | 1152.8 |
          Lair |   6565 |   5974 |    591 |   1407 |   3362 |   5 | 1313.0 |
         Swamp |   5576 |   5441 |    135 |   2708 |   1701 |   4 | 1394.0 |
   Spider Nest |   6382 |   6164 |    218 |   3156 |   1827 |   4 | 1595.5 |
  Orcish Mines |   3100 |   3024 |     76 |   1611 |    949 |   2 | 1550.0 |
        Vaults |   8418 |   8092 |    326 |   3923 |   2620 |   5 | 1683.6 |
        Depths |   2103 |   2088 |     15 |   1291 |    501 |   2 | 1051.5 |
               +--------+--------+--------+--------+--------+-----+--------+

Top non-repeatable levels by time:
    D:14: 2995 daAuts
Vaults:3: 2640 daAuts
Vaults:2: 2438 daAuts
Vaults:4: 2426 daAuts
   Orc:2: 2176 daAuts
Depths:1: 2091 daAuts
 Swamp:4: 2021 daAuts
Spider:4: 1999 daAuts
Spider:1: 1854 daAuts
  Lair:5: 1755 daAuts
Spider:3: 1522 daAuts
    D:12: 1516 daAuts
     D:5: 1461 daAuts
 Swamp:3: 1450 daAuts
  Lair:4: 1445 daAuts
